 Dungeon Crawl Stone Soup version 0.18-a0-1378-g7babcad (webtiles) character file.

151 Oddball22 the Slasher (level 5, 0/32 HPs)
             Began as a Demonspawn Chaos Knight on Feb 22, 2016.
             Slain by an orc
             ... wielding a +0 dagger
              (4 damage)
             ... on level 4 of the Dungeon.
             The game lasted 00:06:54 (4087 turns).

Oddball22 the Slasher (Demonspawn Chaos Knight)     Turns: 4087, Time: 00:06:56

Health: 0/32       AC:  6    Str: 17    XL:     5   Next: 11%
Magic:  5/5        EV: 12    Int: 18    God:    Xom [..*...]
Gold:   197        SH:  0    Dex: 14    Spells: 0 memorised, 4 levels left

rFire  . . .     SeeInvis .     a - +1 falchion (chaos)
rCold  . . .     Gourm    .     b - +2 leather armour
rNeg   . . .     Faith    .     (no shield)
rPois  .         Spirit   .     (no helmet)
rElec  .         Dismiss  .     o - +0 cloak
rCorr  .         Reflect  .     (no gloves)
SustAt .         Harm     .     (no boots)
MR     .....                    p - amulet of inaccuracy (curse)
Stlth  +.........               (no ring)
                                (no ring)

@: mighty, brilliant, not resistant to hostile enchantments, very unstealthy
A: talons 1, frail 2, rot immunity
a: Renounce Religion


You were on level 4 of the Dungeon.
You worshipped Xom.
You were a toy of Xom.
You were not hungry.

You visited 1 branch of the dungeon, and saw 4 of its levels.

You collected 197 gold pieces.

Inventory:

Hand Weapons
 a - a +1 falchion of chaos (weapon)
Missiles
 l - 52 bolts
 r - 8 tomahawks (quivered)
Armour
 b - a +2 leather armour (worn)
 o - a +0 cloak (worn)
Jewellery
 p - a cursed amulet of inaccuracy (around neck)
Scrolls
 g - a scroll of teleportation
Potions
 d - 2 potions of curing
 n - a potion of lignification {unknown}
 q - a potion of agility {unknown}
Books
 f - a book of Hinderance

   Spells                             Type                      Level
   a - Confusing Touch                Hexes                        2
   b - Confuse                        Hexes                        3
   c - Gell's Gravitas                Hexes/Translocation          3
   d - Petrify                        Transmutation/Earth          4
   e - Metabolic Englaciation         Hexes/Ice                    5
   f - Yara's Violent Unravelling     Hexes/Transmutation          5
Comestibles
 c - 4 bread rations
 h - 4 meat rations
 i - 2 slices of pizza


   Skills:
 + Level 3.4 Fighting
 * Level 4.0 Long Blades
 + Level 2.5 Armour
 + Level 2.2 Dodging


You had 4 spell levels left.
You didn't know any spells.

Dungeon Overview and Level Annotations

Branches:
Dungeon (4/15)             Temple (0/1) D:4

Altars:
Dithmenos
Elyvilon
Fedhas
Trog


Innate Abilities, Weirdness & Mutations

You have sharp toenails.
You are immune to rotting.
You are very frail (-20% HP).


Message History

Xom thinks this is hilarious!
The orc priest barely misses you. The orc hits you but does no damage.
The orc wizard casts a spell.
The orc wizard seems to speed up.
Drink which item? (? for menu, Esc to quit)
It was a potion of brilliance.
You feel clever all of a sudden.
The orc wizard looks braver for a moment.
The orc priest hits you but does no damage.
The orc barely misses you.
Drink which item? (? for menu, Esc to quit)
It was a potion of cure mutation.
It has a very clean taste.
You no longer feel cold resistant.
Your urge to shout disappears.
You feel robust.
You feel stronger. "Go forth and destroy!"
You feel very mighty all of a sudden. The orc wizard misses you.
The orc closely misses you. The orc priest barely misses you.
The orc hits you with a dagger.
You die...
Xom snickers!

#.........#
#......... #........
#....... ####
#...... #... #...aZ
#.#. #.oo# #.#.
#.o@# ###.#.
#.o.###### #...#.
#........######.###.
#.......b#b...#.# ##
#........#.>..#.# #
#......b.'......# #
#........######## #
#.......<# #
#........# #


You could see a worker ant, an orc priest, an orc wizard, 2 orcs and a jackal
skeleton.

Vanquished Creatures
  6 adders
  4 oozes (D:1)
  4 worms
  3 giant geckos
  A ball python (D:2)
  6 bats
  5 giant cockroaches
  9 goblins
  A hobgoblin (D:2)
  6 jackals
  3 quokkas
  3 giant newts
  9 kobolds
  A quokka skeleton (D:4)
  5 rats
66 creatures vanquished.

Notes
Turn   | Place    | Note
--------------------------------------------------------------
     0 | D:1      | Oddball22 the Demonspawn Chaos Knight began the quest for the Orb.
     0 | D:1      | Reached XP level 1. HP: 18/18 MP: 1/1
    48 | D:1      | Reached skill level 1 in Dodging
    59 | D:1      | Gained mutation: You are immune to rotting. [demonic ancestry]
    59 | D:1      | Reached XP level 2. HP: 24/24 MP: 2/2
   401 | D:1      | Reached XP level 3. HP: 21/29 MP: 3/3
   746 | D:1      | XOM: harmless Erth miscast
  1069 | D:2      | Found a faded altar to an unknown god.
  1078 | D:2      | XOM: silly message
  1382 | D:2      | XOM: medium Pois miscast
  1398 | D:2      | XOM: divination: detect creatures
  1640 | D:2      | XOM: 7-stop teleportation journey
  1772 | D:2      | Gained mutation: You have sharp toenails. [demonic ancestry]
  1772 | D:2      | Reached XP level 4. HP: 18/35 MP: 4/4
  2409 | D:2      | Found a white marble altar of Elyvilon.
  2409 | D:2      | Found a shadowy altar of Dithmenos.
  2410 | D:2      | Found a bloodstained altar of Trog.
  2997 | D:3      | XOM: give mutations
  2997 | D:3      | Gained mutation: You are weak. (Str -2) [Xom's mischief]
  2997 | D:3      | Gained mutation: You are frail (-10% HP). [Xom's mischief]
  2997 | D:3      | Gained mutation: You are very frail (-20% HP). [Xom's mischief]
  2997 | D:3      | Gained mutation: Your flesh is cold resistant. [Xom's mischief]
  3438 | D:3      | Found a blossoming altar of Fedhas.
  3452 | D:3      | Reached skill level 4 in Long Blades
  3452 | D:3      | Reached XP level 5. HP: 16/32 MP: 5/5
  3546 | D:3      | XOM is BORED!
  3546 | D:3      | XOM: medium Erth miscast
  3809 | D:3      | XOM: colour smoke trail
  3848 | D:3      | XOM: silly message
  3860 | D:3      | XOM: give mutations
  3860 | D:3      | Gained mutation: Armour fits poorly on your strangely shaped body. [Xom's mischief]
  3860 | D:3      | Gained mutation: You occasionally shout uncontrollably at your foes. [Xom's mischief]
  3860 | D:3      | Gained mutation: You are extremely frail (-30% HP). [Xom's mischief]
  4016 | D:4      | XOM: mild Necr miscast
  4065 | D:4      | Found a staircase to the Ecumenical Temple.
  4085 | D:4      | Lost mutation: Armour fits poorly on your strangely shaped body. [potion of mutation]
  4087 | D:4      | Lost mutation: Your flesh is cold resistant. [potion of cure mutation]
  4087 | D:4      | Lost mutation: You occasionally shout uncontrollably at your foes. [potion of cure mutation]
  4087 | D:4      | Lost mutation: You are extremely frail (-30% HP). [potion of cure mutation]
  4087 | D:4      | Lost mutation: You are weak. (Str -2) [potion of cure mutation]
  4087 | D:4      | XOM: potion effect (might)
  4087 | D:4      | Slain by an orc

Vault maps used:
D:1:      erik_arrival_gehennom
D:2:      gammafunk_temple_overflow_claw, first_bread, ecumenical_altar_2
D:3:      lemuel_crystal_altar
D:4:      xom_teletrap_fun, minmay_temple_entry_butterflies, enter_ossuary_1,
          roderic_nine_men_s_morris, nicolae_ru_sacrificial_ziggurat

Action                   |  1- 3 |  4- 6 || total
-------------------------+-------+-------++-------
Melee: Falchion          |   159 |   155 ||   314
  Use: Scroll            |       |     6 ||     6
       Potion            |       |     4 ||     4
 Stab: Confused          |     1 |       ||     1
       Petrifying        |     1 |       ||     1
       Sleeping          |       |     2 ||     2
  Eat: Chunk             |     3 |     7 ||    10
